 Dungeon Crawl Stone Soup version 0.31.0-1-g2c135a008e (webtiles) character file.

Game seed: 5886787620764030305

93 qw the Shooter (level 4, -2/35 HPs)
             Began as a Djinni Hunter on Jan 23, 2024.
             Killed by divine providence
             ... invoked by an orc priest
              (11 damage)
             ... on level 3 of the Dungeon.
             The game lasted 00:00:06 (1762 turns).

qw the Shooter (Djinni Hunter)                      Turns: 1762, Time: 00:00:06

Health: -2/35      AC:  5    Str: 10    XL:     4   Next: 92%
Gold:   139        EV: 11    Int: 10    God:
                   SH:  5    Dex: 19

rFire   + + .        a - +0 shortbow
rCold   x . .        (shield currently unavailable)
rNeg    . . .        g - +0 ring mail
rPois   inf          (no helmet)
rElec   .            (no cloak)
rCorr   .            (no gloves)
SInv    .            (boots unavailable)
Will    .....        d - amulet of reflection
Stlth   +            (no ring)
HPRegen 0.25/turn    (no ring)
MPRegen 0.00/turn

%: reflection, infuse magic (-3 HP)
@: flying
A: sickness immunity, fire resistance 2, cold vulnerability 1, float, innate
caster, HP casting, extra vitality 1
a: no special abilities


You were on level 3 of the Dungeon.
You visited 1 branch of the dungeon, and saw 3 of its levels.

You collected 139 gold pieces.


Innate Abilities, Weirdness & Mutations

You are immune to sickness and miasma.
You are immune to poison.
Your flesh is very heat resistant. (rF++)
You are vulnerable to cold. (rC-)
You float through the air rather than walking.
You learn spells naturally, not from books.
Your magical power is your life essence.
You have superior vitality. (+4 MHP)


   Skills:
 - Level 3.0 Fighting
 + Level 4.3 Ranged Weapons
 - Level 1.1 Armour
 - Level 2.1 Dodging
 - Level 0.7 Stealth


You knew the following spells:

 Your Spells              Type           Power      Damage    Failure   Level
a - Sandblast             Erth           0%         2d4       67%         1
Your spell library was empty.

Inventory:

Hand Weapons
 a - a +0 shortbow (weapon)
Armour
 g - a +0 ring mail (worn)
Jewellery
 c - an amulet of faith
 d - an amulet of reflection (around neck)
 f - a ring of fire
Potions
 b - a potion of heal wounds {unknown}
 e - a potion of might {unknown}
 h - a potion of enlightenment {unknown}
 i - a potion of attraction {unknown}

Dungeon Overview and Level Annotations

Branches:
Dungeon (3/15)

Altars:

Shops:
D:3 (


Message History

You shoot an arrow. The arrow closely misses the orc.
The orc wizard gestures wildly while chanting.
The orc wizard flickers and vanishes!
Deactivating autopickup; reactivate with Ctrl-A.
You block the giant cockroach's attack. The orc misses you.
The kobold closely misses you. Something hits you but does no damage.
The orc priest looks braver for a moment.
The giant cockroach bites you but does no damage.
The kobold barely misses you. The orc hits you with a +0 hand axe.
You shoot an arrow. The arrow closely misses the orc.
The giant cockroach bites you but does no damage.
Something hits you but does no damage. The orc hits you but does no damage.
The orc priest looks encouraged for a moment.
You block the kobold's attack.
You shoot an arrow. The arrow barely misses the orc.
The giant cockroach closely misses you.
You hear some strange, mumbled words.
A magic dart appears from out of thin air!
The magic dart hits you! The orc barely misses you.
The kobold hits you with a +0 short sword.
The adder closely misses you. The giant cockroach closely misses you.
You shoot an arrow. The arrow hits the orc.
You kill the orc!
The adder barely misses you. Something hits you but does no damage.
The kobold hits you with a +0 short sword.
The giant cockroach bites you. You block the adder's attack.
Something hits you but does no damage. The kobold closely misses you.
The orc priest hits you with a +0 flail.
The giant cockroach bites you.
You shoot an arrow. The arrow hits the orc priest.
The orc priest is moderately wounded.
The adder bites you. The giant cockroach barely misses you.
The orc priest barely misses you. Something hits you but does no damage.
You block the kobold's attack.
You shoot an arrow. The arrow hits the orc priest!
The orc priest is severely wounded.
You block the adder's attack. The giant cockroach misses you.
The orc priest calls down the wrath of Beogh upon you.
Beogh smites you!
You die...

#. #..#.#...
#..#...# ..##..#.#.#
#..#.### .........##
#....... #..#....#
###+#.####
#.....#.#####.'\'..#
#........##..#'#..#
##...#....#.##....#
#.oS####....)......
#.{@B.###...##..##.#
#.K)#.# ###.....# ..
#....#..# ###...# #
#....# ..# ...#
......# #.$. ..#
.#..##.# .# #..# #
##. #.. . ... ## ...


You could see an orc priest, an adder, a giant cockroach and a kobold.

Vanquished Creatures
  4 adders (D:2)
  A ribbon worm (D:2)
  4 orcs
  3 bat skeletons (D:2)
  A bat zombie (D:2)
  3 endoplasms
  2 giant cockroaches (D:1)
  3 goblins
  4 hobgoblins
  5 kobolds
  2 quokkas
  3 ball pythons (D:1)
  A ball python skeleton (D:2)
  4 bats (D:1)
  4 frilled lizards (D:2)
  2 jackal zombies (D:2)
  A quokka zombie (D:2)
  4 rats
51 creatures vanquished.

Notes
Turn   | Place    | Note
-------+----------+-------------------------------------------
     0 | D:1      | qw the Djinni Hunter began the quest for the Orb.
     0 | D:1      | Reached XP level 1. HP: 18/18 MP: 0/0
     0 | D:1      | 0 ||| qw: Version: 0.3-a-132-g3d54051
     0 | D:1      | 0 ||| qw: Game counter: 660
     0 | D:1      | 0 ||| qw: Melee chars always use a shield: true
     0 | D:1      | 0 ||| qw: God list: Okawaru
     0 | D:1      | 0 ||| qw: Allow faded altars: false
     0 | D:1      | 0 ||| qw: Do Orc after clearing Dungeon:15 true
     0 | D:1      | 0 ||| qw: Do second Lair branch before Depths: true
     0 | D:1      | 0 ||| qw: Lair rune preference: random
     0 | D:1      | 0 ||| qw: Goals: Normal
     0 | D:1      | 0 ||| PLANNING D:1-11
    66 | D:1      | Reached XP level 2. HP: 23/23 MP: 0/0
   319 | D:1      | Reached XP level 3. HP: 28/28 MP: 0/0
   319 | D:1      | Learned a level 1 spell: Sandblast
   329 | D:1      | Reached skill level 4 in Ranged Weapons
   623 | D:1      | Found a faded altar of an unknown god.
   787 | D:1      | 787 ||| UPGRADING to +0 ring mail.
   797 | D:1      | 797 ||| DROPPING +0 leather armour.
   798 | D:1      | 798 ||| READING scroll labelled OJIWKACAUNU.
   799 | D:1      | 799 ||| READING scroll labelled QUJAUBU KOQUVA.
   800 | D:1      | 800 ||| READING scroll labelled JITUAR OKUE.
   801 | D:1      | 801 ||| READING scroll labelled PEYTUL JUOCH.
   802 | D:1      | 802 ||| DROPPING scroll of butterflies.
   932 | D:2      | Reached skill level 1 in Armour
   943 | D:2      | 943 ||| FLEEEEING.
   997 | D:2      | Reached XP level 4. HP: 30/34 MP: 0/0
   997 | D:2      | 997 ||| FLEEEEING.
   998 | D:2      | 998 ||| FLEEEEING.
  1116 | D:2      | Reached skill level 3 in Fighting
  1621 | D:2      | 1621 ||| UPGRADING to amulet of reflection.
  1626 | D:2      | 1626 ||| READING scroll labelled KEOWAU LAMAOLOJE.
  1714 | D:3      | Found Sydig's Weapon Emporium.
  1719 | D:3      | 1719 ||| SHOPLISTING +4 arbalest of flaming (331 gold, have
                  | 139).
  1761 | D:3      | HP: 8/35 [adder (4)]
  1762 | D:3      | Killed from afar by an orc priest

Levels and vault maps discovered:
D:1:      nzn_arrival_water_spiral, layout_basic,
          hellmonk_ecumenical_altar_pennies_from_heaven
D:2:      layout_loops_corners, serial_undead, serial_undead_d, serial_undead_c,
          serial_undead_c, serial_undead_f, serial_undead_c, serial_undead_e,
          serial_undead_e, serial_undead_c, minmay_indecisive_spiral
D:3:      layout_rooms, mainiacjoe_overflow_alcove_4, serial_shops,
          nicolae_shop_behind_doors

Skill      XL: |  1  2  3  4 |
---------------+-------------+-----
Ranged Weapons | 4 |  4.3
Armour         | 1 |  1.1
Fighting       | 3 |  3.0
Dodging        | |  2.1
Stealth        | |  0.7

Action                     |  1- 3 |  4- 6 || total
---------------------------+-------+-------++-------
   Fire: Shortbow          |    67 |    73 ||   140
    Use: Scroll            |     4 |     1 ||     5
 Armour: Leather armour    |     3 |       ||     3
         Ring mail         |    19 |    34 ||    53
  Dodge: Dodged            |    11 |    36 ||    47
  Block: Other             |       |    10 ||    10

Table legend:
 A = Non-vault XP
 B = Vault XP
 C = Vault XP percentage of total XP
 D = Non-vault monster count
 E = Vault monster count
 F = Vault count percentage of total count
                 A         B        C        D         E       F
            +---------+---------+-------+---------+---------+-------
      Total |      92 |      42 |  31.3 |      39 |      12 |  23.5
            +---------+---------+-------+---------+---------+-------
        D:1 |      33 |       0 |   0.0 |      21 |       0 |   0.0
        D:2 |      45 |      42 |  48.3 |      12 |      12 |  50.0
        D:3 |      14 |       0 |   0.0 |       6 |       0 |   0.0
            +---------+---------+-------+---------+---------+-------
